 Dungeon Crawl Stone Soup version 0.29-a0-200-gc7997b95f3 (webtiles) character file.

Game seed: 7834619945425106549

20 GabrielManson the Ruffian (level 2, -1/22 (23) HPs)
             Began as a Draconian Transmuter on Feb 23, 2022.
             Slain by Crazy Yiuf
             ... wielding a +3 quarterstaff of chaos
              (8 damage)
             ... on level 2 of the Dungeon.
             The game lasted 00:04:38 (648 turns).

GabrielManson the Ruffian (Draconian Transmuter)     Turns: 648, Time: 00:04:38

HP:   -1/22 (23)    AC:  8    Str: 12    XL:     2   Next: 58%
MP:   4/5           EV: 12    Int: 13    God:
Gold: 75            SH:  0    Dex: 11    Spells: 2/5 levels left

rFire   . . .      SeeInvis .     - Unarmed
rCold   . . .      Faith    .   (no shield)
rNeg    . . .      Spirit   .   (body armour unavailable)
rPois   .          Reflect  .   (helmet currently unavailable)
rElec   .          Harm     .   f - +0 cloak
rCorr   .          Rampage  .   a - +2 pair of gloves
Will    .....                   (boots currently unavailable)
Stlth   +.........              (no amulet)
HPRegen 0.07/turn               (no ring)
MPRegen 0.09/turn               (no ring)

@: appendages, lightly drained
A: horns 2, talons 2, AC +4, unfitting armour, cold-blooded
a: End Transformation


You were on level 2 of the Dungeon.
You had temporarily grown beastly horns and talons.
You visited 1 branch of the dungeon, and saw 2 of its levels.

You collected 75 gold pieces.

Inventory:

Missiles
 b - 9 poisoned darts
Armour
 a - a +2 pair of gloves (worn)
 f - a +0 cloak (worn)
Scrolls
 c - a scroll of enchant weapon {unknown}
 e - a scroll of immolation {unknown}
 g - a scroll of magic mapping {unknown}
 h - a scroll of noise {unknown}
Potions
 d - a potion of degeneration {unknown}


   Skills:
 + Level 1.1 Fighting
 + Level 1.7 Dodging
 + Level 3.9 Unarmed Combat
 - Level 2.0 Spellcasting
 + Level 2.0 Transmutations


You had 2 spell levels left.
You knew the following spells:

 Your Spells              Type           Power      Damage    Failure   Level
a - Beastly Appendage     Tmut           12%        N/A       11%         1
b - Wereblood             Tmut           6%         N/A       17%         2

Your spell library contained the following spells:

 Spells                   Type           Power      Damage    Failure   Level
 Spider Form              Tmut/Pois      3%         N/A       45%         3
 Ice Form                 Ice/Tmut       3%         N/A       86%         4


Dungeon Overview and Level Annotations

Branches:
Dungeon (2/15)

Altars:

Annotations:
D:2 Crazy Yiuf


Innate Abilities, Weirdness & Mutations

You have temporarily grown beastly horns and talons.
Your plain brown scales are hard. (AC +4)
You cannot fit into any form of body armour.
You are cold-blooded and may be slowed by cold attacks.


Message History

You kill the rat!
The kobold hits you but does no damage.
You see here a rat corpse.
You hit the kobold.
You kill the kobold!
No target in view!
You now have 75 gold pieces (gained 10).
You see here a +0 whip.
Found a mace.
Found a runed translucent door.
Crazy Yiuf shouts!
You open the door. You hit Crazy Yiuf.
You tail-slap Crazy Yiuf, but do no damage.
Crazy Yiuf is lightly wounded.
Crazy Yiuf screams, "Mountain song action!"
Crazy Yiuf closely misses you.
You hit Crazy Yiuf but do no damage.
Crazy Yiuf is lightly wounded.
Crazy Yiuf whimpers, "Rifle!"
Crazy Yiuf barely misses you.
Casting: Beastly Appendage (safe; 11% risk of failure)
Confirm with . or Enter, or press ? or * to list all spells.
You grow a pair of large bovine horns.
Your feet morph into talons.
Crazy Yiuf misses you.
You barely miss Crazy Yiuf. You headbutt Crazy Yiuf.
Crazy Yiuf is moderately wounded.
Crazy Yiuf laughs, "Paint snockshim Hive!"
Crazy Yiuf hits you with a +3 quarterstaff of chaos.
You feel drained.
You hit Crazy Yiuf. Your headbutt misses Crazy Yiuf.
Crazy Yiuf is heavily wounded.
Crazy Yiuf misses you.
You hit Crazy Yiuf. Your kick misses Crazy Yiuf. You tail-slap Crazy Yiuf.
Crazy Yiuf is severely wounded.
Crazy Yiuf hits you with a +3 quarterstaff of chaos!
Crazy Yiuf burns you.
You closely miss Crazy Yiuf.
Crazy Yiuf is severely wounded.
Crazy Yiuf hits you but does no damage.
You are electrocuted!
You die...

..#.#.......#.#
.##.#....)..<†#
..#.#.#.......#
.##.#.#.#######
###.#.#.# #
#.#.######### .
..#.###...#.###
### #
#........#..##...#
##......####@g...#
##.#..## ###..)#
###### ###


You could see Crazy Yiuf.

Vanquished Creatures
  2 endoplasms (D:1)
  2 giant cockroaches (D:1)
  2 goblins
  2 hobgoblins (D:1)
  A ball python (D:1)
  4 bats (D:1)
  2 frilled lizards (D:1)
  3 kobolds
  3 rats
21 creatures vanquished.

Notes
Turn   | Place    | Note
-------+----------+-------------------------------------------
     0 | D:1      | GabrielManson the Draconian Transmuter began the quest for
                  | the Orb.
     0 | D:1      | Reached XP level 1. HP: 16/16 MP: 3/3
    73 | D:1      | Reached XP level 2. HP: 16/23 MP: 5/5
   400 | D:1      | Learned a level 2 spell: Wereblood
   637 | D:2      | Found a runed translucent door.
   638 | D:2      | Noticed Crazy Yiuf
   648 | D:2      | Slain by Crazy Yiuf

Illustrated notes

Levels and vault maps discovered:
D:1:      psy_arrival_basics, layout_rooms
D:2:      layout_loops_corners, serial_shops, nicolae_lakefront_shop, hex_tiny,
          kennysheep_generic_room_7, uniq_crazy_yiuf_cottage, uniq_natasha,
          uniq_robin

Action                   || total
-------------------------++-------
Melee: Unarmed           ||    64
       Tailslap          ||     7
       Headbutt          ||     3
       Kick              ||     2
       Punch             ||     2
 Cast: Beastly Appendage ||     2
  Use: Scroll            ||     1
Armor: Skin              ||    27
Dodge: Dodged            ||    32

Table legend: (Time is in decaauts)
 A = Elapsed time spent in this place.
 B = Non-inter-level travel time spent in this place.
 C = Inter-level travel time spent in this place.
 D = Time resting spent in this place.
 E = Time spent auto-exploring this place.
 F = Levels seen in this place.
 G = Mean time per level.
                   A        B        C        D        E       F      G
               +--------+--------+--------+--------+--------+-----+--------+
         Total |    644 |    644 |      0 |     90 |    316 |   2 |  322.0 |
       Dungeon |    644 |    644 |      0 |     90 |    316 |   2 |  322.0 |
               +--------+--------+--------+--------+--------+-----+--------+

Top non-repeatable levels by time:
     D:1: 543 daAuts
     D:2: 101 daAuts
